AoeStats
← LM | TornardoBriese

Arabia

509732957Analyzed
1v1 RM · 4d ago on Sep 27, 2026· 48m 19s· 2 players
Game mode
Random Map
Map size
Tiny (2 player)
Population
200
Speed
Normal
Resources
Standard
Victory
Conquest
Starting age
Dark Age
Ending age
Imperial Age
RankedLock teamsTeams togetherTeam positionsShared explorationLock speedFull tech treeHidden civsTurbo modeCheats
Victory
Defeat
🇮🇳 Mongols · India
1133
+18
🇨🇭 Varangians · Switzerland
1182
-18
zqllqaa098
0:39 Loom
9:22 Feudal Age
11:24 Double-Bit Axe
15:24 Horse Collar
20:56 Castle Age
18:57 Gold Mining
20:51 Forging
21:04 Light Cavalry
21:57 Bloodlines
22:10 Bow Saw
22:25 Squires
27:54 Husbandry
28:50 Stone Mining
29:03 Heavy Plow
29:50 Fletching
31:39 Wheelbarrow
30:56 Town Watch
30:47 Elite Skirmisher
32:44 Stone Shaft Mining
32:47 Gold Shaft Mining
32:45 Bodkin Arrow
32:52 Padded Archer Armor
34:30 Ballistics
37:45 Imperial Age
36:20 Leather Archer Armor
36:10 Scale Barding Armor
37:47 Hand Cart
37:53 Nomads
38:39 Bracer
39:57 Parthian Tactics
42:09 Chemistry
41:39 Heavy Camel Rider
44:13 Chain Barding Armor
44:30 Iron Casting
44:42 Conscription
44:28 Heavy Cavalry Archer
45:15 Thumb Ring
45:44 Hussar
46:54 Pikeman
47:20 Arson
LM | TornardoBriese
5:18 Loom
10:19 Feudal Age
11:01 Double-Bit Axe
16:32 Bloodlines
18:20 Wheelbarrow
21:56 Castle Age
19:54 Horse Collar
20:30 Gold Mining
21:07 Scale Barding Armor
23:04 Chain Barding Armor
22:10 Light Cavalry
23:14 Pikeman
24:57 Bow Saw
33:52 Heavy Plow
35:38 Scale Mail Armor
35:49 Forging
37:08 Husbandry
38:52 Iron Casting
41:18 Imperial Age
38:59 Squires
39:15 Chain Mail Armor
41:25 Cavalier
43:51 Fletching
47:24 Elite Skirmisher
Connection lost

Rejoining the realm…

Still unreachable

The connection could not be restored.

Session expired

The server has moved on; the page needs a fresh start.